| TOP OF THE 1ST |
|
Harrisburg Senators batting - Pitching for Mississippi Braves : RHP Jeff Olech
|
|
Pitching: RHP Jeff Olech
|
|
|
Batting: SHB Dan Castaneda
|
0-0: Foul Ball, location: 2F 0-1: Ball 1-1: SOLO HOME RUN (Flyball, 8LXD, EV 101.2 MPH), Distance : 406 ft
|
|
Batting: LHB Evan Oliveri
|
0-0: Ball 1-0: Called Strike 1-1: Ball 2-1: Foul Ball, location: 2F 2-2: Foul Ball, location: 2F 2-2: Strikes out looking
|
|
Batting: RHB Hisayuki Akiyama
|
0-0: Ball 1-0: Called Strike 1-1: Ball 2-1: Foul Ball, location: 2F 2-2: Reaches on Catchers interference
|
|
Batting: SHB Alex Ethridge
|
0-0: Ball 1-0: Ball Hisayuki Akiyama steals 2nd base (no throw) 2-0: Foul Ball, location: 2F 2-1: Ground out 6-3 (Groundball, 6MS, EV 84.4 MPH) Hisayuki Akiyama to third
|
|
Batting: RHB Slavik Nebrodov
|
0-0: Foul Ball, location: 2F 0-1: Ground out 5-3 (Groundball, 56S, EV 81.2 MPH)
|
| Top of the 1st over - 1 run, 1 hit, 1 error, 1 left on base; Harrisburg 1 - Mississippi 0 |
| BOTTOM OF THE 1ST |
|
Mississippi Braves batting - Pitching for Harrisburg Senators : RHP Ivano Galikov
|
|
Pitching: RHP Ivano Galikov
|
|
|
Batting: RHB Hieronim Rutkowski
|
0-0: Called Strike 0-1: Ground out 5-3 (Groundball, 56, EV 87.5 MPH)
|
|
Batting: RHB Luis Revilla
|
0-0: Ball 1-0: Ball 2-0: Fly out, F9 (Flyball, 89M, EV 82.5 MPH)
|
|
Batting: LHB Erik Gretzky
|
0-0: Ball 1-0: Ball 2-0: Foul Ball, location: 2F 2-1: DOUBLE (Groundball, 3L, EV 106.9 MPH)
|
|
Batting: SHB Bob Morales
|
0-0: Swinging Strike 0-1: Ball 1-1: Swinging Strike 1-2: Ball 2-2: Foul Ball, location: 2F 2-2: Foul Ball, location: 2F 2-2: Ground out 6-3 (Groundball, 6, EV 101.9 MPH)
|
| Bottom of the 1st over - 0 runs, 1 hit, 0 errors, 1 left on base; Harrisburg 1 - Mississippi 0 |
| TOP OF THE 2ND |
|
Harrisburg Senators batting - Pitching for Mississippi Braves : RHP Jeff Olech
|
|
Batting: RHB Donovan Auclair
|
0-0: Ball 1-0: Called Strike 1-1: Called Strike 1-2: Strikes out looking
|
|
Batting: RHB Pat Drader
|
0-0: Ball 1-0: Called Strike 1-1: Ball 2-1: Foul Ball, location: 2F 2-2: Foul Ball, location: 2F 2-2: Foul Ball, location: 2F 2-2: Fly out, F4 (Popup, 4, EV 60.6 MPH)
|
|
Batting: RHB Jim Towle
|
0-0: Ball 1-0: Foul Ball, location: 2F 1-1: Swinging Strike 1-2: Ball 2-2: Foul Ball, location: 2F 2-2: Strikes out swinging
|
| Top of the 2nd over - 0 runs, 0 hits, 0 errors, 0 left on base; Harrisburg 1 - Mississippi 0 |
| BOTTOM OF THE 2ND |
|
Mississippi Braves batting - Pitching for Harrisburg Senators : RHP Ivano Galikov
|
|
Batting: LHB Chad Persaud
|
0-0: Swinging Strike 0-1: Ball 1-1: Foul Ball, location: 2F 1-2: Ball 2-2: Ground out 4-3 (Groundball, 34D, EV 110.0 MPH)
|
|
Batting: RHB John Peterson
|
0-0: Called Strike 0-1: SINGLE (Flyball, 78S, EV 93.1 MPH)
|
|
Batting: LHB Oke Monti
|
0-0: Swinging Strike 0-1: Ball John Peterson steals 2nd base 1-1: Ball 2-1: Ball 3-1: Called Strike 3-2: Foul Ball, location: 2F 3-2: Strikes out swinging
|
|
Batting: RHB Mike Meeker
|
0-0: DOUBLE (Line Drive, 9LM, EV 97.5 MPH) John Peterson scores
|
|
Batting: RHB Alex Velasquez
|
0-0: Swinging Strike 0-1: Ball 1-1: Ball 2-1: Ball 3-1: Base on Balls
|
|
Batting: RHB Hieronim Rutkowski
|
0-0: Foul Ball, location: 2F 0-1: Called Strike 0-2: Ball 1-2: Ball 2-2: SINGLE (Groundball, 56D, EV 103.1 MPH) Mike Meeker to third Alex Velasquez to second Runner from 3rd tries for Home, SAFE, throw by LF to home
|
|
Batting: RHB Luis Revilla
|
0-0: Ball 1-0: Foul Ball, location: 2F 1-1: Ground out 5-3 (Groundball, 56S, EV 78.1 MPH)
|
| Bottom of the 2nd over - 2 runs, 3 hits, 0 errors, 2 left on base; Harrisburg 1 - Mississippi 2 |
| TOP OF THE 3RD |
|
Harrisburg Senators batting - Pitching for Mississippi Braves : RHP Jeff Olech
|
|
Batting: RHB Josh Lykins
|
0-0: Called Strike 0-1: Ground out U3 (Groundball, 13, EV 95.0 MPH)
|
|
Batting: SHB Dan Castaneda
|
0-0: Foul Ball, location: 2F 0-1: Ball 1-1: Foul Ball, location: 2F 1-2: Ground out 4-3 (Groundball, 34, EV 85.6 MPH)
|
|
Batting: LHB Evan Oliveri
|
0-0: Ball 1-0: Called Strike 1-1: Ground out 1-3 (Groundball, 15S, EV 60.6 MPH)
|
| Top of the 3rd over - 0 runs, 0 hits, 0 errors, 0 left on base; Harrisburg 1 - Mississippi 2 |
| BOTTOM OF THE 3RD |
|
Mississippi Braves batting - Pitching for Harrisburg Senators : RHP Ivano Galikov
|
|
Batting: LHB Erik Gretzky
|
0-0: Foul Ball, location: 2F 0-1: Fly out, F8 (Flyball, 89M, EV 93.1 MPH)
|
|
Batting: SHB Bob Morales
|
0-0: Ball 1-0: Ground out U3 (Groundball, 3L, EV 105.6 MPH)
|
|
Batting: LHB Chad Persaud
|
0-0: Ball 1-0: Ball 2-0: Ball 3-0: Called Strike 3-1: Base on Balls
|
|
Batting: RHB John Peterson
|
0-0: Called Strike 0-1: Ball 1-1: Ball Chad Persaud steals 2nd base 2-1: Called Strike 2-2: Foul Ball, location: 2F 2-2: Foul Ball, location: 2F 2-2: Ball Wild Pitch! Chad Persaud to third 3-2: SINGLE (Line Drive, 78S, EV 98.1 MPH) Chad Persaud scores
|
|
Batting: LHB Oke Monti
|
0-0: Ball 1-0: Fly out, F7 (Flyball, 7, EV 90.6 MPH)
|
| Bottom of the 3rd over - 1 run, 1 hit, 0 errors, 1 left on base; Harrisburg 1 - Mississippi 3 |
| TOP OF THE 4TH |
|
Harrisburg Senators batting - Pitching for Mississippi Braves : RHP Jeff Olech
|
|
Batting: RHB Hisayuki Akiyama
|
0-0: SINGLE (Groundball, 6MD, EV 105.6 MPH)
|
|
Batting: SHB Alex Ethridge
|
0-0: Called Strike 0-1: Ball 1-1: Called Strike 1-2: Fly out, F8 (Flyball, 8RM, EV 83.1 MPH)
|
|
Batting: RHB Slavik Nebrodov
|
0-0: Called Strike Hisayuki Akiyama is caught stealing 2nd base 2-4 0-1: Ball 1-1: Ball 2-1: Ball 3-1: Called Strike 3-2: Foul Ball, location: 2F 3-2: Base on Balls
|
|
Batting: RHB Donovan Auclair
|
0-0: Ball 1-0: Fielders Choice at 2nd, 5-4 (Groundball, 56, EV 86.9 MPH)
|
| Top of the 4th over - 0 runs, 1 hit, 0 errors, 1 left on base; Harrisburg 1 - Mississippi 3 |
| BOTTOM OF THE 4TH |
|
Mississippi Braves batting - Pitching for Harrisburg Senators : RHP Ivano Galikov
|
|
Batting: RHB Mike Meeker
|
0-0: Ball 1-0: Ball 2-0: Ground out 6-3 (Groundball, 6S, EV 84.4 MPH)
|
|
Batting: RHB Alex Velasquez
|
0-0: Foul Ball, location: 2F 0-1: Foul Ball, location: 2F 0-2: Strikes out swinging
|
|
Batting: RHB Hieronim Rutkowski
|
0-0: Ball 1-0: Called Strike 1-1: Ball 2-1: Fly out, F9 (Line Drive, 9S, EV 104.4 MPH)
|
| Bottom of the 4th over - 0 runs, 0 hits, 0 errors, 0 left on base; Harrisburg 1 - Mississippi 3 |
| TOP OF THE 5TH |
|
Harrisburg Senators batting - Pitching for Mississippi Braves : RHP Jeff Olech
|
|
Batting: RHB Pat Drader
|
0-0: Foul Ball, location: 2F 0-1: Ball 1-1: Called Strike 1-2: Ball 2-2: Foul Ball, location: 2F 2-2: Foul Ball, location: 2F 2-2: Foul Ball, location: 2F 2-2: Strikes out swinging
|
|
Batting: RHB Jim Towle
|
0-0: SINGLE (Groundball, 4MD, EV 103.8 MPH)
|
|
Batting: RHB Josh Lykins
|
0-0: Called Strike 0-1: Called Strike 0-2: Ball 1-2: Ball 2-2: SINGLE (Groundball, 56S, EV 75.6 MPH) (infield hit) Jim Towle to second
|
|
Batting: SHB Dan Castaneda
|
0-0: Called Strike 0-1: Ball Wild Pitch! Jim Towle to third Josh Lykins to second 1-1: Called Strike 1-2: Ball 2-2: Fly out, F9 (Flyball, 9, EV 95.0 MPH)
|
|
Batting: LHB Evan Oliveri
|
0-0: Called Strike 0-1: Ball 1-1: Ball 2-1: Hit by Pitch
|
|
Batting: RHB Hisayuki Akiyama
|
0-0: Ball 1-0: Fly out, F8 (Flyball, 8RD, EV 95.0 MPH)
|
| Top of the 5th over - 0 runs, 2 hits, 0 errors, 3 left on base; Harrisburg 1 - Mississippi 3 |
| BOTTOM OF THE 5TH |
|
Mississippi Braves batting - Pitching for Harrisburg Senators : RHP Ivano Galikov
|
|
Batting: RHB Luis Revilla
|
0-0: Ball 1-0: Foul Ball, location: 2F 1-1: Fly out, F9 (Flyball, 9, EV 90.6 MPH)
|
|
Batting: LHB Erik Gretzky
|
0-0: Ball 1-0: Ball 2-0: Called Strike 2-1: Foul Ball, location: 2F 2-2: Foul Ball, location: 2F 2-2: Ball 3-2: Foul Ball, location: 2F 3-2: Ground out 4-3 (Groundball, 4, EV 86.9 MPH)
|
|
Batting: SHB Bob Morales
|
0-0: Ball 1-0: Ground out U3 (Groundball, 34S, EV 82.5 MPH)
|
| Bottom of the 5th over - 0 runs, 0 hits, 0 errors, 0 left on base; Harrisburg 1 - Mississippi 3 |
| TOP OF THE 6TH |
|
Harrisburg Senators batting - Pitching for Mississippi Braves : RHP Jeff Olech
|
|
Batting: SHB Alex Ethridge
|
0-0: Called Strike 0-1: Ball 1-1: Ball 2-1: Fly out, F7 (Flyball, 78M, EV 96.9 MPH)
|
|
Batting: RHB Slavik Nebrodov
|
0-0: Ground out 5-3 (Groundball, 56S, EV 85.0 MPH)
|
|
Batting: RHB Donovan Auclair
|
0-0: Ball 1-0: Called Strike 1-1: Ball 2-1: Ball 3-1: Fly out, F7 (Flyball, 78M, EV 95.6 MPH)
|
| Top of the 6th over - 0 runs, 0 hits, 0 errors, 0 left on base; Harrisburg 1 - Mississippi 3 |
| BOTTOM OF THE 6TH |
|
Mississippi Braves batting - Pitching for Harrisburg Senators : RHP Ivano Galikov
|
|
Batting: LHB Chad Persaud
|
0-0: Called Strike 0-1: Ball 1-1: Called Strike 1-2: SINGLE (Groundball, 4, EV 95.0 MPH)
|
|
Batting: RHB John Peterson
|
0-0: Called Strike Chad Persaud steals 2nd base 0-1: Called Strike 0-2: Ball 1-2: Strikes out swinging
|
|
Batting: LHB Oke Monti
|
0-0: Intentional Walk
|
|
Batting: RHB Mike Meeker
|
0-0: Ball Chad Persaud steals 3rd base 1-0: Ball 2-0: Foul Ball, location: 2F 2-1: DOUBLE (Flyball, 8RXD, EV 103.8 MPH) Chad Persaud scores Oke Monti to third
|
|
Pitching: RHP Alex Vasquez
|
|
|
Batting: RHB Alex Velasquez
|
0-0: Hit by Pitch
|
|
Batting: RHB Hieronim Rutkowski
|
0-0: Called Strike 0-1: Ball 1-1: SINGLE (Line Drive, 78S, EV 96.9 MPH) Oke Monti scores Mike Meeker to third Alex Velasquez to second Runner from 3rd tries for Home, SAFE, throw by LF to home
|
|
Batting: RHB Luis Revilla
|
0-0: Ball 1-0: Fielders Choice at 2nd, 6-4 (Groundball, 56, EV 103.8 MPH) Alex Velasquez to third
|
|
Batting: LHB Erik Gretzky
|
0-0: Called Strike 0-1: Fielders Choice at 2nd, 6-4 (Groundball, 6, EV 84.4 MPH)
|
| Bottom of the 6th over - 3 runs, 3 hits, 0 errors, 2 left on base; Harrisburg 1 - Mississippi 6 |
| TOP OF THE 7TH |
|
Harrisburg Senators batting - Pitching for Mississippi Braves : RHP Jeff Olech
|
|
Pitching: RHP Marvin Velasco
|
|
|
Batting: RHB Pat Drader
|
0-0: Foul Ball, location: 2F 0-1: Foul Ball, location: 2F 0-2: Strikes out swinging
|
|
Batting: RHB Jim Towle
|
0-0: Foul Ball, location: 2F 0-1: Ball 1-1: Swinging Strike 1-2: Ball 2-2: Fly out, F9 (Flyball, 89S, EV 94.4 MPH)
|
|
Batting: RHB Josh Lykins
|
0-0: Called Strike 0-1: Swinging Strike 0-2: Ball 1-2: Fly out, F4 (Popup, 34S, EV 90.0 MPH)
|
| Top of the 7th over - 0 runs, 0 hits, 0 errors, 0 left on base; Harrisburg 1 - Mississippi 6 |
| BOTTOM OF THE 7TH |
|
Mississippi Braves batting - Pitching for Harrisburg Senators : RHP Alex Vasquez
|
|
Batting: SHB Bob Morales
|
0-0: Ball 1-0: Ball 2-0: Fly out, F8 (Flyball, 8RM, EV 85.0 MPH)
|
|
Batting: LHB Chad Persaud
|
0-0: Swinging Strike 0-1: DOUBLE (Groundball, 5L, EV 103.1 MPH)
|
|
Batting: RHB John Peterson
|
0-0: Called Strike 0-1: Ball 1-1: Swinging Strike 1-2: Foul Ball, location: 2F 1-2: Foul Ball, location: 2F 1-2: Strikes out swinging
|
|
Batting: LHB Oke Monti
|
0-0: Ball 1-0: Foul Ball, location: 2F 1-1: Ground out 6-3 (Groundball, 6M, EV 107.5 MPH)
|
| Bottom of the 7th over - 0 runs, 1 hit, 0 errors, 1 left on base; Harrisburg 1 - Mississippi 6 |
| TOP OF THE 8TH |
|
Harrisburg Senators batting - Pitching for Mississippi Braves : RHP Marvin Velasco
|
|
Batting: SHB Dan Castaneda
|
0-0: Swinging Strike 0-1: Ground out 6-3 (Groundball, 4M, EV 86.9 MPH)
|
|
Batting: LHB Evan Oliveri
|
0-0: Ball 1-0: Reached via error on a dropped throw from 1B, E1 (Groundball, 34S, EV 89.4 MPH)
|
|
Batting: RHB Hisayuki Akiyama
|
0-0: Ball 1-0: Ball 2-0: Ball 3-0: Base on Balls Evan Oliveri to second
|
|
Batting: SHB Alex Ethridge
|
0-0: Ball 1-0: Ball 2-0: Swinging Strike 2-1: Foul Ball, location: 2F 2-2: Strikes out swinging
|
|
Batting: LHB Nate Melendez
|
0-0: Ball 1-0: Ball 2-0: Ball 3-0: Called Strike 3-1: TRIPLE (Line Drive, 9D, EV 101.9 MPH) Evan Oliveri scores Hisayuki Akiyama scores
|
|
Batting: RHB Donovan Auclair
|
0-0: Ball 1-0: Ball 2-0: Called Strike 2-1: Called Strike 2-2: Foul Ball, location: 2F 2-2: Ball 3-2: DOUBLE (Line Drive, 7LS, EV 90.6 MPH) Nate Melendez scores
|
|
Batting: RHB Pat Drader
|
0-0: Ball 1-0: Ball 2-0: Swinging Strike 2-1: Ground out 4-3 (Groundball, 4, EV 97.5 MPH)
|
| Top of the 8th over - 3 runs, 2 hits, 1 error, 1 left on base; Harrisburg 4 - Mississippi 6 |
| BOTTOM OF THE 8TH |
|
Mississippi Braves batting - Pitching for Harrisburg Senators : RHP Alex Vasquez
|
|
Batting: RHB Mike Meeker
|
0-0: Swinging Strike 0-1: Called Strike 0-2: Ball 1-2: Ground out 6-3 (Groundball, 6, EV 86.2 MPH)
|
|
Batting: RHB Alex Velasquez
|
0-0: Swinging Strike 0-1: Ground out 3-1 (Groundball, 34, EV 105.0 MPH)
|
|
Batting: RHB Hieronim Rutkowski
|
0-0: Ball 1-0: Ball 2-0: Ground out 4-3 (Groundball, 4M, EV 85.6 MPH)
|
| Bottom of the 8th over - 0 runs, 0 hits, 0 errors, 0 left on base; Harrisburg 4 - Mississippi 6 |
| TOP OF THE 9TH |
|
Harrisburg Senators batting - Pitching for Mississippi Braves : RHP Marvin Velasco
|
|
Pitching: RHP Alfredo Leiva
|
|
|
Batting: RHB Jim Towle
|
0-0: Swinging Strike 0-1: Ball 1-1: Ball 2-1: Foul Ball, location: 2F 2-2: Ball 3-2: Foul Ball, location: 2F 3-2: Base on Balls
|
|
Pinch Hitting: LHB Shinji Adachi
|
0-0: Called Strike 0-1: Foul Ball, location: 2F 0-2: Ball 1-2: Ball 2-2: Strikes out swinging
|
|
Batting: SHB Dan Castaneda
|
0-0: Called Strike 0-1: Ball 1-1: Fielders Choice at 2nd, 4-6 (Groundball, 4, EV 84.4 MPH)
|
|
Batting: LHB Evan Oliveri
|
0-0: Swinging Strike 0-1: Foul Ball, location: 2F 0-2: Strikes out swinging
|
| Top of the 9th over - 0 runs, 0 hits, 0 errors, 1 left on base; Harrisburg 4 - Mississippi 6 |
|